 Dungeon Crawl Stone Soup version 0.22.1-2-g9c5b331 (webtiles) character file.

625 dvd the Digger (level 7, -3/61 HPs)
             Began as a Troll Earth Elementalist on Dec 6, 2018.
             Was a Follower of Ashenzari.
             Slain by Menkaure (12 damage)
             ... on level 4 of the Dungeon.
             The game lasted 00:12:05 (4085 turns).

dvd the Digger (Troll Earth Elementalist)           Turns: 4085, Time: 00:12:06

Health: -3/61      AC:  5    Str: 17    XL:     7   Next: 23%
Magic:  4/10       EV: 10    Int: 13    God:    Ashenzari [*.....]
Gold:   313        SH:  0    Dex: 10    Spells: 8/12 levels left

rFire    + + .     SeeInvis .   A - +0 falchion (flame) (curse)
rCold    . . .     Gourm    +   (no shield)
rNeg     . . .     Faith    .   w - +0 robe {rF+}
rPois    .         Spirit   .   (helmet restricted)
rElec    .         Reflect  .   (no cloak)
rCorr    .         Harm     .   (gloves unavailable)
MR       .....                  (boots unavailable)
Stlth    +.........             (no amulet)
HPRegen  0.60/turn              v - ring of protection from fire
MPRegen  0.12/turn              y - ring of flight

@: no status effects
A: large, unfitting armour, claws 3, fast metabolism 3, gourmand, regeneration
1, shaggy fur 1, tough skin 2
a: Curse Item, Scrying, Renounce Religion, Evoke Flight


You were on level 4 of the Dungeon.
You worshipped Ashenzari.
Ashenzari was aware of your devotion.
You were completely stuffed.

You visited 1 branch of the dungeon, and saw 5 of its levels.

You collected 313 gold pieces.

Inventory:

Hand Weapons
 m - a +1 dagger of venom
 n - a +0 long sword
 p - a +0 giant club
 r - a +0 war axe
 A - a cursed +0 falchion of flaming (weapon)
Missiles
 b - 65 stones (quivered)
Armour
 w - a +0 robe of fire resistance (worn)
Jewellery
 v - a ring of protection from fire (left claw)
 y - a ring of flight (right claw)
Scrolls
 a - 5 scrolls of remove curse
 e - a scroll of enchant weapon {unknown}
 h - 4 scrolls of identify {unknown}
 i - a scroll of amnesia {unknown}
 k - 2 scrolls of magic mapping {unknown}
 l - 5 scrolls of teleportation {unknown}
 s - a scroll of fog {unknown}
 u - a scroll of immolation {unknown}
 x - a scroll of noise {unknown}
Potions
 c - a potion of degeneration {unknown}
 f - a potion of heal wounds {unknown}
 g - 2 potions of invisibility {unknown}
 j - a potion of berserk rage {unknown}
 o - 3 potions of lignification {unknown}
 q - a potion of brilliance {unknown}
 t - 2 potions of curing {unknown}
Comestibles
 d - 8 rations
 z - 2 chunks of flesh


   Skills:
 + Level 0.8 Fighting
 + Level 2.1 Long Blades
 + Level 2.1 Dodging
 + Level 1.2 Stealth
 + Level 1.0 Unarmed Combat
 + Level 3.2 Spellcasting
 + Level 0.1 Conjurations
   Level 0.6 Transmutations
 + Level 4.9 Earth Magic


You had 8 spell levels left.
You knew the following spells:

 Your Spells              Type           Power        Failure   Level  Hunger
a - Sandblast             Erth           ##....       3%          1    #......
b - Stone Arrow           Conj/Erth      #.....       24%         3    ###....

Your spell library contained the following spells:

 Spells                   Type           Power        Failure   Level  Hunger
 Passwall                 Tmut/Erth      #.......     11%         2    ##.....
 Animate Skeleton         Necr           N/A          22%         1    #......
 Apportation              Tloc           #.....       22%         1    #......
 Confusing Touch          Hex            #.....       22%         1    #......
 Summon Small Mammal      Summ           #...         22%         1    #......
 Petrify                  Tmut/Erth      #.......     58%         4    #####..
 Lee's Rapid Deconstruct  Erth           ##........   63%         5    ######.


Dungeon Overview and Level Annotations

Branches:
Dungeon (5/15)
 Temple: D:4-7

Altars:
Ashenzari
Gozag
Sif Muna

Annotations:
D:4 Menkaure
D:5 Dowan


Innate Abilities, Weirdness & Mutations

You are too large for most types of armour.
You have claws for hands.
Your metabolism is lightning-fast.
You like to eat raw meat.
Your natural rate of healing is unusually fast.
You are covered in fur. (AC +1)
You have very tough skin. (AC +2)


Message History

Press: ? - help, Shift-Dir - straight line, f/p - Menkaure
Aim: Menkaure (moderately damaged, fast)
The blast of sand hits Menkaure.
Menkaure is moderately damaged.
b - 66 stones Menkaure hits you!!
* * * LOW HITPOINT WARNING * * *
Casting: Sandblast (safe; 3% risk of failure)
Confirm with . or Enter, or press ? or * to list all spells.
Aiming: Sandblast (safe; 3% risk of failure)
Press: ? - help, Shift-Dir - straight line, f/p - Menkaure
Aim: Menkaure (moderately damaged, fast)
The blast of sand hits Menkaure.
Menkaure is severely damaged.
b - 65 stones Menkaure barely misses you.
Menkaure closely misses you.
You barely miss Menkaure.
Menkaure is severely damaged.
Menkaure hits you!
You die...

#############
#....#......#
#....#......#
#....#......# #######
#....#......#####.....##
#....#.@...........)....
#......M.[..#####.....##
####........# #.....#
#........# #.....#
#........# #.....#
#....##.## #.....#
#....##.#############
#....................
#....##.##########...


You could see Menkaure.

Vanquished Creatures
  An ogre (D:4)
  A bullfrog (D:4)
  A crimson imp (D:5)
  3 orc priests
  Terence (D:2)
  5 orc wizards
  A worker ant (D:4)
  A hound zombie (D:5)
  6 adders
  A shadow imp (D:5)
  3 leopard geckos
  18 orcs
  6 giant cockroaches
  10 goblins
  9 hobgoblins
  3 jackals (D:2)
  3 quokkas
  5 bats
  A frilled lizard (D:2)
  6 kobolds
  10 rats
95 creatures vanquished.

Notes
Turn   | Place    | Note
-------+----------+-------------------------------------------
     0 | D:1      | dvd the Troll Earth Elementalist began the quest for the
                  | Orb.
     0 | D:1      | Reached XP level 1. HP: 16/16 MP: 1/1
   240 | D:1      | Reached XP level 2. HP: 19/24 MP: 0/3
   331 | D:1      | Reached skill level 3 in Earth Magic
   482 | D:1      | You fall through a shaft!
   534 | D:2      | Reached XP level 3. HP: 25/31 MP: 2/4
   593 | D:2      | Noticed Terence
   605 | D:2      | Killed Terence
   730 | D:2      | Learned a level 3 spell: Stone Arrow
   820 | D:2      | Reached XP level 4. HP: 37/39 MP: 3/5
  1040 | D:2      | Found a shattered altar of Ashenzari.
  1114 | D:2      | Became a worshipper of Ashenzari the Shackled
  1447 | D:3      | Reached skill level 1 in Unarmed Combat
  1627 | D:3      | Reached XP level 5. HP: 24/46 MP: 1/7
  2402 | D:4      | Reached skill level 1 in Long Blades
  2490 | D:4      | Noticed an orc warrior
  2562 | D:3      | Reached skill level 4 in Earth Magic
  2651 | D:4      | Noticed an ogre
  2705 | D:4      | Killed an ogre
  2705 | D:4      | Reached XP level 6. HP: 24/54 MP: 0/8
  3304 | D:4      | Reached * piety under Ashenzari
  3589 | D:5      | Entered Level 5 of the Dungeon
  3672 | D:5      | Reached XP level 7. HP: 49/61 MP: 3/10
  3703 | D:5      | HP: 3/61 [orc wizard/dagger (4)]
  3973 | D:5      | Found an opulent altar of Gozag.
  3975 | D:5      | Found a deep blue altar of Sif Muna.
  4020 | D:5      | Noticed Menkaure
  4022 | D:5      | Noticed Dowan
  4085 | D:4      | Slain by Menkaure

Skill      XL: |  1  2  3  4  5  6 |
---------------+-------------------+-----
Earth Magic    | 3 4 |  4.9
Spellcasting   | 2 3 |  3.2
Unarmed Combat | 1 |  1.0
Long Blades    | 1 2 |  2.1
Dodging        | 2 |  2.1
Fighting       | |  0.8
Stealth        | |  1.2
Conjurations   | |  0.1
Transmutations | |  0.6

Action                   |  1- 3 |  4- 6 |  7- 9 || total
-------------------------+-------+-------+-------++-------
Melee: Unarmed           |    73 |     9 |       ||    82
       Long sword        |       |    87 |    14 ||   101
       Falchion          |       |       |     8 ||     8
 Cast: Sandblast         |    26 |    94 |    23 ||   143
       Stone Arrow       |       |     4 |     2 ||     6
Invok: Curse Item        |       |       |     1 ||     1
  Eat: Chunk             |    14 |    18 |    12 ||    44
       Ration            |       |     1 |       ||     1
Armor: Robe              |    26 |    47 |    12 ||    85
Dodge: Dodged            |    38 |    78 |    16 ||   132
       Rpst.: Long sword |       |    21 |     1 ||    22
       Falchion          |       |       |     2 ||     2
